 Dungeon Crawl Stone Soup version 0.17.0-23-g0de4337 (webtiles) character file.

1271 HungrySpirit the Cleaver (level 8, 0/52 HPs)
             Began as a Human Chaos Knight on Nov 13, 2015.
             Slain by a killer bee (6 damage)
             ... on level 6 of the Dungeon.
             The game lasted 00:09:28 (6328 turns).

HungrySpirit the Cleaver (Human Chaos Knight)       Turns: 6328, Time: 00:09:29

Health: 0/52       AC: 10    Str: 16    XL:     8   Next: 83%
Magic:  8/8        EV: 11    Int: 19    God:    Xom [.*....]
Gold:   335        SH:  0    Dex: 12    Spells: 0 memorised, 7 levels left

rFire  . . .     SeeInvis .     s - +0 hand axe
rCold  + + .     Clarity  .     y - +2 leather armour {rC+}
rNeg   . . .     SustAt   .     (no shield)
rPois  .         Gourm    .     l - +1 helmet
rElec  .         Spirit   .     (no cloak)
rCorr  .         Warding  .     u - +2 pair of gloves
rMut   .         Stasis   .     (no boots)
MR     .....                    (no amulet)
Stlth  +.........               r - ring of ice
                                h - ring of protection from fire

@: brilliant, lethally poisoned (0 -> -8), not resistant to hostile
enchantments, very unstealthy
A: clever 1, frail 1
a: Renounce Religion


You were on level 6 of the Dungeon.
You worshipped Xom.
You were a plaything of Xom.
You were very hungry.

You visited 1 branch of the dungeon, and saw 6 of its levels.

You collected 335 gold pieces.

Inventory:

Hand Weapons
 a - a +0 hand axe of chaos
 d - a +0 bardiche
 s - a +0 hand axe (weapon)
Armour
 l - a +1 helmet (worn)
 u - a +2 pair of gloves (worn)
 y - a +2 leather armour of cold resistance (worn)
Jewellery
 h - a ring of protection from fire (left hand)
 i - an uncursed ring of see invisible {unknown}
 r - a ring of ice (right hand)
Wands
 v - a wand of lightning (5)
Scrolls
 g - a scroll of amnesia
 k - a scroll of random uselessness {unknown}
 m - a scroll of noise {unknown}
 p - 3 scrolls of remove curse
 q - a scroll of immolation {unknown}
 t - a scroll of magic mapping {unknown}
 w - 3 scrolls of teleportation {unknown}
Books
 f - a book of Debilitation

   Spells                             Type                      Level
   a - Corona                         Hexes                        1
   b - Slow                           Hexes                        2
   c - Gell's Gravitas                Hexes/Translocation          3
   d - Inner Flame                    Hexes/Fire                   3
   e - Cause Fear                     Hexes                        4
   f - Leda's Liquefaction            Hexes/Earth                  4
Comestibles
 c - 5 bread rations


   Skills:
 - Level 3.0 Fighting
 * Level 10.4 Axes
 - Level 2.0 Armour
 - Level 1.0 Dodging


You had 7 spell levels left.
You didn't know any spells.

Dungeon Overview and Level Annotations

Branches:
Dungeon (6/15)             Temple (0/1) D:5

Altars:
Nemelex Xobeh
Xom
Zin


Innate Abilities, Weirdness & Mutations

Your mind is acute. (Int +2)
You are frail (-10% HP).


Message History

Unknown command.
Unknown command.
You miss the killer bee.
The killer bee is heavily wounded.
You hit the big kobold but do no damage.
The big kobold is severely wounded.
* * * LOW HITPOINT WARNING * * *
You feel sick. The killer bee barely misses you.
The killer bee stings you but does no damage.
Unknown command.
Unknown command.
You miss the killer bee.
The killer bee is heavily wounded.
You hit the big kobold.
The big kobold is almost dead.
You hit the kobold.
You kill the kobold!
The killer bee closely misses you. The big kobold barely misses you.
The killer bee stings you.
You die...

........#####.............#
#........####.##.###.####.#
#...........>.##.###.# #.##
######...#######..##.# #.##
###.#########.##.# #.##
##...########.##.# #.##
##........###.##.# #<##
####...###)..##.##.# #.##
#......^..@y..##.##.# #.##
#.#########K..##.# #.##
#####...K.....# #.##
####..........# #.##
####..........# #.##
.....###...#### #...
########...###. ####
########......#


You could see a big kobold, a killer bee and a kobold.

Vanquished Creatures
  An ice beast (D:5)
  A phantom (D:5)
  2 centaurs (D:5)
  A big kobold (D:5)
  A giant frog (D:5)
  A scorpion (D:4)
  An orc priest (D:5)
  4 orc wizards
  A giant frog skeleton (D:5)
  A jelly (D:6)
  2 centaur skeletons (D:6)
  2 worker ants (D:4)
  2 iguanas (D:5)
  2 hound skeletons
  5 adders
  2 oozes (D:2)
  2 worms
  3 giant geckos
  12 orcs
  9 bats
  8 giant cockroaches
  9 goblins
  9 hobgoblins
  14 jackals
  30 kobolds
  2 ball pythons
  6 giant newts
  5 rats (D:2)
138 creatures vanquished.

Vanquished Creatures (collateral kills)
  Eustachio (D:4)
  The ghost of JudasIscariot the Cutter, an amateur KoCK of Xom (D:4)
  3 gnolls (D:3)
  An orc (D:5)
  2 bats (D:3)
  A kobold (D:3)
9 creatures vanquished.

Vanquished Creatures (others)
  A worm (D:2)
1 creature vanquished.

Grand Total: 148 creatures vanquished

Notes
Turn   | Place    | Note
--------------------------------------------------------------
     0 | D:1      | HungrySpirit the Human Chaos Knight began the quest for the Orb.
     0 | D:1      | Reached XP level 1. HP: 18/18 MP: 1/1
   102 | D:1      | Reached XP level 2. HP: 20/24 MP: 2/2
   499 | D:1      | XOM: divination: detect creatures
   617 | D:2      | XOM: potion effect (berserk rage)
   622 | D:2      | Reached skill level 4 in Axes
   622 | D:2      | Reached XP level 3. HP: 29/29 MP: 3/3
   701 | D:2      | XOM: silly message
   703 | D:2      | XOM: give mutation
   703 | D:2      | Gained mutation: Your mind is acute. (Int +2) [Xom's grace]
  1244 | D:2      | Reached XP level 4. HP: 35/35 MP: 4/4
  1521 | D:2      | Reached skill level 5 in Axes
  1833 | D:2      | Reached XP level 5. HP: 41/41 MP: 5/5
  2106 | D:3      | XOM: smoke on damage
  2111 | D:3      | Reached skill level 6 in Axes
  2125 | D:3      | XOM: give mutations
  2125 | D:3      | Gained mutation: You are frail (-10% HP). [Xom's mischief]
  2125 | D:3      | Gained mutation: You have supernaturally acute eyesight. [Xom's mischief]
  2411 | D:3      | Found a glowing silver altar of Zin.
  2411 | D:3      | Noticed an angel
  2423 | D:3      | XOM: silly message
  2658 | D:3      | XOM: 3-stop teleportation journey
  3053 | D:3      | XOM: vitrification
  3060 | D:3      | Reached XP level 6. HP: 40/42 MP: 6/6
  3171 | D:3      | XOM: summons friendly white imp
  3216 | D:3      | Found a shimmering altar of Xom.
  3218 | D:3      | Found a shimmering altar of Xom.
  3218 | D:3      | Found a shimmering altar of Xom.
  3218 | D:3      | Found a shimmering altar of Xom.
  3218 | D:3      | Found a shimmering altar of Xom.
  3508 | D:4      | XOM: cast spell 'Summon Butterflies'
  3515 | D:4      | XOM: confuse monster(s)
  3596 | D:4      | XOM: god gift: 51 gold pieces
  3745 | D:4      | Noticed Eustachio
  3747 | D:4      | XOM: summons 6 friendly demons
  3756 | D:4      | Noticed JudasIscariot's ghost (amateur KoCK)
  3762 | D:4      | Killed Eustachio
  3762 | D:4      | Reached skill level 7 in Axes
  3762 | D:4      | Reached XP level 7. HP: 46/46 MP: 7/7
  3763 | D:4      | XOM: butterfly on damage
  3769 | D:4      | Killed JudasIscariot's ghost
  3801 | D:4      | XOM: god gift: encrusted brass wand {god gift}
  3981 | D:5      | Entered Level 5 of the Dungeon
  3991 | D:5      | Reached skill level 8 in Axes
  4036 | D:5      | HP: 1/46 [centaur (7)]
  4083 | D:4      | XOM: god gift: 25 gold pieces
  4647 | D:4      | XOM: vitrification
  4648 | D:5      | Found a staircase to the Ecumenical Temple.
  4675 | D:5      | Reached XP level 8. HP: 13/52 MP: 8/8
  5020 | D:5      | Reached skill level 9 in Axes
  5194 | D:5      | Found a sparkling altar of Nemelex Xobeh.
  5203 | D:5      | XOM: enchant monster (good)
  5571 | D:5      | XOM: fog
  5590 | D:5      | Reached skill level 10 in Axes
  5632 | D:5      | XOM: give mutations
  5632 | D:5      | Lost mutation: You have supernaturally acute eyesight. [Xom's mischief]
  5632 | D:5      | Gained mutation: Scrolls take you a little longer to read. [Xom's mischief]
  5632 | D:5      | Gained mutation: You are very frail (-20% HP). [Xom's mischief]
  5632 | D:5      | Gained mutation: Your body sometimes deteriorates upon taking damage. [Xom's mischief]
  5632 | D:5      | Gained mutation: You are weak. (Str -2) [Xom's mischief]
  5774 | D:5      | XOM: divination: detect creatures
  6309 | D:6      | XOM: vitrification
  6311 | D:6      | XOM: polymorph orc wizard -> killer bee
  6321 | D:6      | Lost mutation: You are very frail (-20% HP). [potion of cure mutation]
  6321 | D:6      | Lost mutation: Scrolls take you a little longer to read. [potion of cure mutation]
  6321 | D:6      | Lost mutation: You are weak. (Str -2) [potion of cure mutation]
  6321 | D:6      | Lost mutation: Your body sometimes deteriorates upon taking damage. [potion of cure mutation]
  6328 | D:6      | Slain by a killer bee

Action                   |  1- 3 |  4- 6 |  7- 9 || total
-------------------------+-------+-------+-------++-------
Melee: Hand axe          |   121 |   160 |   271 ||   552
       Bardiche          |       |       |    18 ||    18
Evoke: Wand              |       |       |     8 ||     8
  Use: Potion            |       |       |     8 ||     8
       Scroll            |       |       |     8 ||     8
 Stab: Paralysed         |     1 |     1 |       ||     2
       Sleeping          |     1 |       |       ||     1
       Distracted        |       |     1 |       ||     1
       Confused          |       |     2 |     1 ||     3
       Petrifying        |       |       |     1 ||     1
  Eat: Chunk             |     2 |     8 |     6 ||    16
       Beef jerky        |       |       |     1 ||     1
